 Dungeon Crawl Stone Soup version 0.30-a0-881-g1ff12e1e11 (webtiles) character file.

Game seed: 4736035669213596989

13189 FexLirch the Carver (level 12, -3/105 HPs)
             Began as a Naga Warper on Mar 14, 2023.
             Was a High Priest of Cheibriados.
             Slain by a komodo dragon (12 damage)
             ... on level 1 of the Lair of Beasts.
             The game lasted 00:52:36 (15294 turns).

FexLirch the Carver (Naga Warper)                  Turns: 15294, Time: 00:52:37

Health: -3/105     AC: 22    Str: 26    XL:     12   Next: 3%
Magic:  1/18       EV: 10    Int: 24    God:    Cheibriados [*****.]
Gold:   1047       SH: 12    Dex: 26    Spells: 5/19 levels left

rFire   . . .      SeeInvis +    a - +0 falchion
rCold   . . .      Faith    .    g - +0 kite shield
rNeg    . . .      Spirit   .    I - +2 robe {Will+}
rPois   +          Reflect  .    k - +2 hat
rElec   .          Rampage  .    P - +0 cloak
rCorr   .                        (no gloves)
Will    ++...                    h - +0 barding
Stlth   ++                       (no amulet)
HPRegen 0.37/turn                f - +4 ring of protection
MPRegen 0.16/turn                y - +4 ring of protection

@: very slow
A: AC +4, large, see invisible, deformed body, poison resistance, slowness 2,
spit poison 1, naga tail 1
a: Spit Poison, Renounce Religion, Bend Time, Temporal Distortion, Slouch, Step
From Time


You were on level 1 of the Lair of Beasts.
You worshipped Cheibriados.
Cheibriados was extremely pleased with you.
You visited 3 branches of the dungeon, and saw 14 of its levels.

You collected 1047 gold pieces.

Inventory:

Hand Weapons
 a - a +0 falchion (weapon)
 c - a +0 great sword
 o - a +0 sling
 x - a +0 hand axe of electrocution
Missiles
 d - 5 boomerangs of dispersal
 e - 103 stones
 w - 29 poisoned darts (quivered)
 J - 4 curare-tipped darts
 O - a silver boomerang
Armour
 g - a +0 kite shield (worn)
 h - a +0 barding (worn)
 k - a +2 hat (worn)
 n - the +2 leather armour of Relativism {rElec Str+3 Slay-5}
   (You found it on level 2 of the Dungeon)

   Str:       It affects your strength (+3).
   Slay:      It affects your accuracy & damage with ranged weapons and melee
   (-5).
   rElec:     It insulates you from electricity.
 q - the +3 ring mail "Jaiwku Uwue" {rF+}
   (You found it on level 2 of the Dungeon)

   rF:        It protects you from fire.
 I - a +2 robe of willpower (worn)
 P - a +0 cloak (worn)
Magical Staves
 i - a staff of air
Jewellery
 f - a +4 ring of protection (left hand)
 y - a +4 ring of protection (right hand)
 G - an amulet of faith
 U - a ring of positive energy
Wands
 b - a wand of roots (6)
 D - a wand of paralysis (5)
 M - a wand of quicksilver (5)
 Q - a wand of flame (7)
Scrolls
 j - 2 scrolls of enchant weapon {unknown}
 p - 5 scrolls of vulnerability
 r - 2 scrolls of fear {unknown}
 u - 2 scrolls of amnesia
 z - a scroll of brand weapon {unknown}
 A - a scroll of silence
 K - 2 scrolls of immolation
 N - a scroll of summoning {unknown}
 R - 2 scrolls of fog
 V - 3 scrolls of poison
 W - a scroll of noise
Potions
 s - 4 potions of heal wounds
 t - 3 potions of ambrosia
 v - 5 potions of curing
 B - 3 potions of mutation
 C - 2 potions of flight
 E - 4 potions of lignification
 F - a potion of might {unknown}
 S - 3 potions of brilliance
 T - a potion of cancellation {unknown}


   Skills:
 + Level 6.1 Fighting
 * Level 11.6 Long Blades
 - Level 0.8 Throwing
 - Level 0.7 Armour
 + Level 5.0 Dodging
 - Level 5.0 Shields
 - Level 4.0 Spellcasting
 + Level 9.1 Translocations
 - Level 4.5 Air Magic
 + Level 5.1 Invocations


You had 5 spell levels left.
You knew the following spells:

 Your Spells              Type           Power      Damage    Failure   Level
a - Blink                 Tloc           96%        N/A       1%          2
b - Lesser Beckoning      Tloc           96%        N/A       1%          2
c - Vhi's Electric Charg  Tloc/Air       74%        N/A       4%          3
d - Teleport Other        Tloc           48%        N/A       1%          3
e - Manifold Assault      Tloc           48%        N/A       4%          4

Your spell library contained the following spells:

 Spells                   Type           Power      Damage    Failure   Level
 Summon Small Mammal      Summ           16%        N/A       22%         1
 Agony                    Necr           4%         N/A       99%         5
 Infestation              Necr           2%         N/A       100%        8


Dungeon Overview and Level Annotations

Branches:
Dungeon (12/15)            Temple (1/1) D:7            Lair (1/5) D:9
    Orc (0/2) D:11

Altars:
Ashenzari
Cheibriados
Dithmenos
Elyvilon
Fedhas
Gozag
Kikubaaqudgha
Makhleb
Qazlal
Ru
Trog
Uskayaw
Vehumet
Wu Jian
Xom
Yredelemnul
The Shining One

Shops:
D:4 *   D:6 :

Annotations:
D:10 exclusion: two-headed ogre
D:12 Maurice


Innate Abilities, Weirdness & Mutations

Your serpentine skin is tough. (AC +4)
You have supernaturally acute eyesight. (SInv)
Armour fits poorly on your strangely shaped body.
Your system is resistant to poisons. (rPois)
You cover ground very slowly.
You can spit poison.
You have a snake-like lower body.


Message History

You slash the yak!
The yak is moderately wounded.
Casting: Teleport Other (safe; 1% risk of failure)
Confirm with . or Enter, or press ? or * to list all spells.
Space momentarily warps into an impossible shape!
You closely miss the yak. You barely miss the yak. You closely miss the yak.
The yak closely misses you. The komodo dragon bites you!
You hit the yak.
The yak is moderately wounded.
You block the yak's attack. The komodo dragon bites you!
You slash the yak!
The yak is severely wounded.
The komodo dragon bites you.
You hit the yak but do no damage. The yak gores you. x2
You hit the yak but do no damage.
The yak is severely wounded.
You block the komodo dragon's attack.
You barely miss the yak. The komodo dragon bites you!
You barely miss the yak.
The yak is severely wounded.
The yak gores you. The komodo dragon barely misses you.
Casting: Manifold Assault (dangerous; 4% risk of failure)
Confirm with . or Enter, or press ? or * to list all spells.
You blink.
Casting: Blink (safe; 1% risk of failure)
Confirm with . or Enter, or press ? or * to list all spells.
Charge where?
Press: ? - help, Dir - move target, f - yak
Aim: a yak (severely wounded, 92% to hit)
You charge forward with an electric crackle!
You slash the yak and electrocute it!
The yak is almost dead.
The yak misses you. The yak gores you! You block the komodo dragon's attack.
The yak completely misses you. The yak barely misses you. The yak gores you.
* * * LOW HITPOINT WARNING * * *
The komodo dragon bites you!!
* * * LOW HITPOINT WARNING * * *
You block the yak's attack. x2; The yak gores you but does no damage.
The komodo dragon bites you!
You die...

#... #...##
......#
)......
.......##
........###
..........##
.......$YY.##
........l@☼.#
........Y..○#
..........###
..........#
........###
...###### .#.


You could see a komodo dragon and 3 yaks.

Vanquished Creatures
  Josephine (D:10)
  2 two-headed ogres
  A boulder beetle (D:11)
  Pikel (D:7)
  A deep elf pyromancer (D:12)
  A manticore (D:11)
  A gargoyle (D:10)
  3 kobold demonologists
  A komodo dragon (D:11)
  5 trolls
  2 hornets
  A shadow (D:11)
  Sigmund (D:5)
  2 wyverns
  Eustachio (D:6)
  3 wraiths
  Edmund (D:5)
  2 wargs (D:9)
  3 water moccasins
  An acid dragon (D:12)
  2 black bears (D:6)
  5 orc warriors
  Duvessa (D:6)
  4 ice beasts
  2 sky beasts
  3 ogres
  2 centaurs (D:8)
  A lemure (D:6)
  5 kobold brigands
  Blork the orc (D:6)
  4 bullfrogs
  3 wights (D:9)
  Dowan (D:6)
  17 killer bees
  8 howler monkeys
  4 electric eels
  5 hounds
  7 orc priests
  4 iguanas
  A gnoll bouda (D:4)
  2 sleepcaps
  Ijyb (D:5)
  Terence (D:2)
  6 orc wizards
  11 gnolls
  3 adders (D:5)
  A river rat (D:4)
  A white imp (D:6)
  An ufetubus (D:5)
  A worm (D:2)
  2 dart slugs
  55 orcs
  An endoplasm (D:4)
  5 giant cockroaches
  6 goblins
  3 hobgoblins
  3 jackals (D:4)
  A quokka (D:4)
  3 ball pythons
  4 bats
  2 frilled lizards (D:2)
  18 kobolds
  5 rats
250 creatures vanquished.

Vanquished Creatures (others)
  A plant (Lair:1)
1 creature vanquished.

Grand Total: 251 creatures vanquished

Notes
Turn   | Place    | Note
-------+----------+-------------------------------------------
     0 | D:1      | FexLirch the Naga Warper began the quest for the Orb.
     0 | D:1      | Reached XP level 1. HP: 19/19 MP: 3/3
    66 | D:1      | Got the Quarto of Creative Death
   292 | D:1      | Reached XP level 2. HP: 26/26 MP: 5/5
   295 | D:1      | Learned a level 2 spell: Blink
   298 | D:1      | Learned a level 2 spell: Lesser Beckoning
   332 | D:2      | Noticed Terence
   352 | D:2      | Killed Terence
   353 | D:2      | Reached XP level 3. HP: 13/32 MP: 6/6
   363 | D:2      | Identified the +2 leather armour of Relativism {rElec Str+3
                  | Slay-5}
   534 | D:2      | Identified the +3 ring mail "Jaiwku Uwue" {rF+}
   854 | D:3      | Learned a level 3 spell: Vhi's Electric Charge
   860 | D:3      | Found a hide-covered altar of Uskayaw.
  1067 | D:3      | Reached XP level 4. HP: 23/39 MP: 8/8
  1606 | D:4      | Reached skill level 3 in Long Blades
  1644 | D:4      | HP: 1/39 [poisoned by a gnoll]
  1684 | D:4      | Reached skill level 1 in Shields
  1684 | D:4      | Reached XP level 5. HP: 23/45 MP: 9/9
  2121 | D:4      | Reached XP level 6. HP: 47/52 MP: 9/11
  2163 | D:4      | Noticed a sky beast
  2200 | D:4      | Killed a sky beast
  2431 | D:4      | Reached skill level 4 in Long Blades
  2615 | D:4      | Reached XP level 7. HP: 47/60 MP: 12/12
  2761 | D:4      | Found Egamorar's Fire Supplies.
  3070 | D:5      | Entered Level 5 of the Dungeon
  3376 | D:5      | Learned a level 3 spell: Teleport Other
  3381 | D:5      | Learned a level 4 spell: Manifold Assault
  3402 | D:5      | Reached skill level 5 in Translocations
  3539 | D:5      | Reached skill level 5 in Long Blades
  3708 | D:5      | Noticed Edmund
  3745 | D:5      | Killed Edmund
  3746 | D:5      | Reached XP level 8. HP: 41/52 MP: 5/14
  3814 | D:5      | Noticed Sigmund
  3822 | D:5      | Killed Sigmund
  3823 | D:5      | Reached skill level 1 in Air Magic
  3901 | D:5      | Noticed Ijyb
  3907 | D:5      | Paralysed by Ijyb for 2 turns
  3912 | D:5      | Paralysed by Ijyb for 2 turns
  3916 | D:5      | Killed Ijyb
  4084 | D:6      | Noticed Duvessa
  4084 | D:6      | Noticed Dowan
  4209 | D:6      | Noticed Blork the orc
  4210 | D:6      | Noticed Eustachio
  4239 | D:6      | Killed Blork the orc
  4240 | D:6      | Reached skill level 6 in Long Blades
  4291 | D:6      | Killed Eustachio
  4897 | D:6      | Killed Duvessa
  4898 | D:6      | Reached XP level 9. HP: 67/73 MP: 15/15
  4905 | D:6      | Killed Dowan
  4969 | D:6      | Reached skill level 7 in Long Blades
  5136 | D:6      | Found Xozuyme's Book Shop.
  5777 | D:7      | Noticed Pikel
  5810 | D:7      | Killed Pikel
  5811 | D:7      | Reached skill level 8 in Long Blades
  5811 | D:7      | Reached skill level 5 in Shields
  6285 | D:7      | Found a staircase to the Ecumenical Temple.
  6312 | D:7      | Reached XP level 10. HP: 71/81 MP: 13/16
  6325 | Temple   | Entered the Ecumenical Temple
  6516 | Temple   | Became a worshipper of Cheibriados the Contemplative
  7370 | D:8      | Reached skill level 9 in Long Blades
  7676 | D:8      | Reached * piety under Cheibriados
  7878 | D:8      | Noticed a two-headed ogre
  8379 | D:8      | Reached ** piety under Cheibriados
  8666 | D:8      | Killed a two-headed ogre
  8667 | D:8      | Reached skill level 1 in Invocations
  8837 | D:8      | Found a shimmering altar of Xom.
  9124 | D:9      | Found a staircase to the Lair.
  9541 | D:9      | Noticed a kobold demonologist
  9740 | D:9      | Reached skill level 10 in Long Blades
  9970 | D:9      | Found a glowing golden altar of the Shining One.
 10156 | D:9      | Found an ancient bone altar of Kikubaaqudgha.
 10344 | D:9      | Reached *** piety under Cheibriados
 10345 | D:9      | Reached XP level 11. HP: 79/93 MP: 17/17
 10389 | D:9      | Found an ornate altar of the Wu Jian Council.
 10549 | D:10     | Entered Level 10 of the Dungeon
 10753 | D:10     | Found a stormy altar of Qazlal.
 11041 | D:10     | Found a blossoming altar of Fedhas.
 11043 | D:10     | Found a broken altar of Ashenzari.
 11091 | D:10     | Reached skill level 5 in Fighting
 11261 | D:10     | Noticed a two-headed ogre
 11403 | D:10     | Killed a two-headed ogre
 11941 | D:10     | Noticed Josephine
 11975 | D:10     | Killed Josephine
 12129 | D:10     | Found a burning altar of Makhleb.
 12131 | D:10     | Found a sacrificial altar of Ru.
 12195 | D:10     | Noticed a two-headed ogre
 12507 | D:11     | Reached **** piety under Cheibriados
 12628 | D:11     | Noticed a sun demon
 13048 | D:11     | Reached skill level 11 in Long Blades
 13053 | D:11     | Noticed a sun demon
 13168 | D:11     | Reached ***** piety under Cheibriados
 13339 | D:11     | Found a staircase to the Orcish Mines.
 13409 | D:11     | Noticed a boulder beetle
 13428 | D:11     | Killed a boulder beetle
 13605 | D:11     | Noticed a manticore
 13615 | D:11     | Killed a manticore
 13777 | D:11     | Reached skill level 5 in Invocations
 13847 | D:11     | Noticed a sun demon
 14243 | D:12     | Noticed a deep elf pyromancer
 14261 | D:12     | Killed a deep elf pyromancer
 14262 | D:12     | Reached skill level 5 in Dodging
 14262 | D:12     | Reached XP level 12. HP: 52/105 MP: 6/18
 14716 | D:12     | HP: 1/105 [troll (14)]
 15068 | D:12     | Noticed Maurice
 15174 | Lair:1   | Entered Level 1 of the Lair of Beasts
 15174 | Lair:1   | Noticed a death yak
 15174 | Lair:1   | Noticed a death yak
 15174 | Lair:1   | Noticed a death yak
 15182 | Lair:1   | Noticed a death yak
 15294 | Lair:1   | Slain by a komodo dragon

Illustrated notes

Levels and vault maps discovered:
D:1:      heliophobic_arrival_enchanted_forest, layout_rooms
D:2:      layout_basic, uniq_terence
D:3:      layout_basic, mainiacjoe_overflow_catwalk, kennysheep_cluttered_room,
          grunt_decor_arrowhead
D:4:      layout_loops_ring, portal_sewer_entry_a, minmay_misc_feat_square,
          nicolae_concentric_dashed_squares_wild, kennysheep_diamond,
          grunt_ministairs_8, minmay_statues_item, nicolae_shop_fire_sale
          [nicolae_sub_dead_trees]
D:5:      layout_basic, sigmund_edmund_badplayer, uniq_sigmund, uniq_ijyb
D:6:      layout_basic, serial_shops, kennysheep_little_box,
          kennysheep_generic_room_16, uniq_duvessa, uniq_eustachio,
          uniq_blork_the_orc
D:7:      layout_loops_ring, minmay_temple_entry_antechambers, fountainhead,
          uniq_pikel
D:8:      layout_rooms, mainiacjoe_overflow_alcove_4, special_room
          [special_room_orc], minmay_crystal_water
D:9:      layout_irregular_city, mainiacjoe_overflow_cross_hatched,
          mainiacjoe_overflow_small_starburst, amcnicky_altar_gilded,
          erik_lair_orcish_takeover, minivault_22
D:10:     layout_roguey, lemuel_doored_altar, nicolae_overflow_hidden_temple,
          uniq_josephine
D:11:     layout_loops_ring, hiddenorc1_lemuel
D:12:     layout_stronghold, portal_ice_cave_entry_imps, uniq_maurice
Temple:   minmay_temple_forest_path
Lair:1:   layout_cave_pods, nicolae_quartered_pool_little,
          chequers_serial_rivers_room_b

Skill      XL: |  1  2  3  4  5  6  7  8  9 10 11 |
---------------+----------------------------------+-----
Long Blades    | 3 4 5 6 8 10 11 | 11.6
Shields        | 1 2 3 4 5 |  5.0
Spellcasting   | 3 4 |  4.0
Translocations | 4 5 6 7 8 9 |  9.1
Air Magic      | 2 4 |  4.5
Dodging        | 2 3 5 |  5.0
Fighting       | 4 6 |  6.1
Invocations    | 2 5 |  5.1
Throwing       | |  0.8
Armour         | |  0.7

Action                     |  1- 3 |  4- 6 |  7- 9 | 10-12 || total
---------------------------+-------+-------+-------+-------++-------
  Melee: Falchion          |   109 |   185 |   477 |   993 ||  1764
         Hand axe          |       |     2 |     4 |       ||     6
         Punch             |       |     1 |     6 |       ||     7
   Fire: Sling             |     2 |     5 |     2 |     1 ||    10
  Throw: Boomerang         |     2 |       |       |       ||     2
         Dart              |       |     8 |    16 |    17 ||    41
   Cast: Blink             |       |     8 |    18 |    46 ||    72
         Vhi's Electric Ch |       |       |     9 |    45 ||    54
         Teleport Other    |       |       |     2 |    32 ||    34
         Manifold Assault  |       |       |     5 |    23 ||    28
         Lesser Beckoning  |       |       |       |     2 ||     2
 Invoke: Bend Time         |       |       |       |     1 ||     1
Ability: Spit Poison       |     1 |    18 |    80 |    90 ||   189
  Evoke: Wand              |       |       |       |     6 ||     6
    Use: Potion            |       |     3 |       |     2 ||     5
         Scroll            |       |       |     6 |    14 ||    20
   Stab: Paralysed         |       |       |       |     5 ||     5
         Sleeping          |       |       |       |     2 ||     2
         Distracted        |       |       |       |     1 ||     1
 Armour: Leather armour    |    57 |       |       |       ||    57
         Ring mail         |    12 |   138 |   374 |       ||   524
         Robe              |       |       |    43 |   554 ||   597
  Dodge: Dodged            |    23 |    54 |   168 |   372 ||   617
  Block: Kite shield       |    33 |    28 |    41 |   669 ||   771

Table legend: (Time is in decaauts)
 A = Elapsed time spent in this place.
 B = Non-inter-level travel time spent in this place.
 C = Inter-level travel time spent in this place.
 D = Time resting spent in this place.
 E = Time spent auto-exploring this place.
 F = Levels seen in this place.
 G = Mean time per level.
                   A        B        C        D        E       F      G
               +--------+--------+--------+--------+--------+-----+--------+
         Total |  20635 |  19753 |    882 |   1404 |  13805 |  14 | 1473.9 |
       Dungeon |  20041 |  19272 |    769 |   1404 |  13507 |  12 | 1670.1 |
        Temple |    345 |    233 |    112 |      0 |    220 |   1 |  345.0 |
          Lair |    248 |    248 |      0 |      0 |     78 |   1 |  248.0 |
               +--------+--------+--------+--------+--------+-----+--------+

Top non-repeatable levels by time:
    D:10: 2914 daAuts
    D:11: 2477 daAuts
     D:9: 2304 daAuts
     D:8: 2229 daAuts
     D:7: 1754 daAuts
     D:6: 1752 daAuts
     D:4: 1634 daAuts
     D:5: 1444 daAuts
    D:12: 1256 daAuts
     D:3: 1181 daAuts
     D:2: 687 daAuts
     D:1: 402 daAuts
  Temple: 345 daAuts
  Lair:1: 248 daAuts
